 Dungeon Crawl Stone Soup version 0.31-a0-841-g038b102fc3 (webtiles) character file.

Game seed: 1745917455959967023

1085 Aneyh the Skirmisher (level 8, -3/44 HPs)
             Began as a Tengu Hunter on Sept 28, 2023.
             Was an Initiate of Hepliaklqana.
             Slain by a vampire (10 damage)
             ... on level 6 of the Dungeon.
             The game lasted 00:05:13 (3851 turns).

Aneyh the Skirmisher (Tengu Hunter)                 Turns: 3851, Time: 00:05:14

Health: -3/44      AC:  6    Str: 11    XL:     8   Next: 30%
Magic:  9/9        EV: 17    Int: 10    God:    Hepliaklqana [......]
Gold:   325        SH:  0    Dex: 20    Spells: 7/7 levels left

rFire   . . .        b - +1 quarterstaff (spect)
rCold   . . .        (shield currently unavailable)
rNeg    + . .        m - +1 robe "Yxtedaec" {Regen+}
rPois   .            (helmet restricted)
rElec   .            y - +2 cloak
rCorr   .            (no gloves)
SInv    .            (boots unavailable)
Will    .....        (no amulet)
Stlth   ++           e - ring of positive energy
HPRegen 1.07/turn    (no ring)
MPRegen 0.11/turn

%: acrobat
@: flying
A: beak, talons 3, evasive flight, acrobatic
a: Renounce Religion


You were on level 6 of the Dungeon.
You worshipped Hepliaklqana.
Hepliaklqana was noncommittal.
You visited 2 branches of the dungeon, and saw 7 of its levels.

You collected 325 gold pieces.

Inventory:

Hand Weapons
 a - a +0 shortbow
 b - a +1 spectral quarterstaff (weapon)
 d - a +2 dagger of venom
 s - a +0 short sword of protection
 u - a +3 scythe
Armour
 c - a +0 leather armour
 m - the +1 robe "Yxtedaec" (worn) {Regen+}
   (You found it on level 2 of the Dungeon)

   Regen+:    It increases your rate of health regeneration.
 y - a +2 cloak (worn)
Jewellery
 e - a ring of positive energy (left hand)
 j - a ring of positive energy
 p - the ring "Dicoplilla" {rF+ AC+4}
   (You found it on level 3 of the Dungeon)

   [ring of protection]

   AC+4:      It affects your AC (+4).
   rF+:       It protects you from fire.
 r - a ring of willpower
Scrolls
 g - a scroll of brand weapon {unknown}
 h - a scroll of teleportation
 i - 3 scrolls of identify {unknown}
 k - 2 scrolls of enchant armour {unknown}
 l - a scroll of amnesia {unknown}
 n - a scroll of butterflies
 t - a scroll of fear {unknown}
 v - a scroll of blinking {unknown}
Potions
 f - 3 potions of might {unknown}
 o - 3 potions of curing {unknown}
 q - a potion of haste {unknown}
 w - 2 potions of enlightenment {unknown}
 x - a potion of heal wounds {unknown}


   Skills:
 - Level 2.0 Fighting
 + Level 11.3 Ranged Weapons
 - Level 2.1 Dodging
 - Level 1.0 Stealth


You had 7 spell levels left.
You didn't know any spells.
Your spell library contained the following spells:

 Spells                   Type           Power      Damage    Failure   Level
 Summon Small Mammal      Summ           0%         N/A       36%         1
 Call Canine Familiar     Summ           0%         N/A       75%         3
 Hailstorm                Conj/Ice       0%         3d3       75%         3
 Summon Guardian Golem    Hex/Summ       0%         N/A       75%         3
 Summon Ice Beast         Ice/Summ       0%         N/A       98%         4
 Summon Mana Viper        Hex/Summ       0%         N/A       100%        5
 Simulacrum               Ice/Necr       0%         N/A       100%        6
 Monstrous Menagerie      Summ           0%         N/A       100%        7


Dungeon Overview and Level Annotations

Branches:
Dungeon (6/15)             Temple (1/1) D:5

Altars:
Ashenzari
Cheibriados
Dithmenos
Elyvilon
Fedhas
Gozag
Hepliaklqana
Kikubaaqudgha
Makhleb
Okawaru
Qazlal
Ru
Sif Muna
Uskayaw
Vehumet
Wu Jian
Xom
Yredelemnul
Zin
The Shining One


Innate Abilities, Weirdness & Mutations

You have a beak for a mouth.
You have claws for feet.
Your magical flight helps you evade attacks. (EV +4)
You can magically evade attacks while moving or waiting.


Message History

You feel a bond with your +1 spectral quarterstaff.
b - a +1 spectral quarterstaff (weapon)
You are too confused!
You are too confused!
The vampire attacks as it pursues you! The vampire completely misses you.
The vampire misses you. The vampire completely misses you.
The vampire bites you. The vampire draws life force from you.
The vampire is healed by the life force!
The vampire completely misses you. The vampire bites you!
The vampire draws strength from your injuries!
You feel less confused. The vampire casts a spell at you.
You are confused.
Unknown command.
The vampire closely misses you. The vampire completely misses you.
You hit the vampire but do no damage.
The vampire is severely damaged.
Your +1 spectral quarterstaff hits the vampire.
The vampire completely misses you. The vampire barely misses you.
Your +1 spectral quarterstaff disappears.
The vampire draws life force from you!
The vampire is healed by the life force!
You hit the vampire. You claw the vampire, but do no damage.
The vampire is severely damaged.
Your +1 spectral quarterstaff closely misses the vampire.
The vampire hits you! The vampire bites you!
The vampire draws strength from your injuries!
You closely miss the vampire. Your kick misses the vampire.
The vampire is heavily damaged.
Your +1 spectral quarterstaff hits the vampire.
The vampire closely misses you. The vampire bites you!
* * * LOW HITPOINT WARNING * * *
The vampire draws strength from your injuries!
You hit your +1 spectral quarterstaff but do no damage.
You feel less confused. The vampire draws life force from you.
* * * LOW HITPOINT WARNING * * *
The vampire closely misses you. The vampire bites you!
You die...

#........##...
#........#...#
#.............
###............#
..#.........#..# .
#...###.....#..#
..#######..>....#####..#
...|........###.# ##...
.......@..#.###.####....
......(V..+.....##......
..........#.#.#.##.#....
.......†..#.........<†>.
............#......#.#.#
..........#.#...####.#.#
..........#.#.....##....
###########.......##.###
###.###.##.# #


You could see a vampire and a friendly +1 spectral quarterstaff.

Vanquished Creatures
  Sigmund (D:4)
  An ogre (D:5)
  A centaur (D:5)
  A bullfrog (D:6)
  2 scorpions (D:5)
  4 hounds
  Natasha (thrice) (D:2)
  3 iguanas
  2 sleepcaps
  2 orc wizards (D:5)
  4 gnolls (D:2)
  7 adders
  4 worms
  A dart slug (D:4)
  14 orcs
  5 endoplasms
  6 giant cockroaches
  4 goblins
  6 hobgoblins
  7 jackals
  7 quokkas
  6 ball pythons
  4 bats
  2 frilled lizards (D:3)
  6 kobolds
  6 rats
109 creatures vanquished.

Notes
Turn   | Place    | Note
-------+----------+-------------------------------------------
     0 | D:1      | Aneyh the Tengu Hunter began the quest for the Orb.
     0 | D:1      | Reached XP level 1. HP: 12/12 MP: 2/2
   140 | D:1      | Reached XP level 2. HP: 17/17 MP: 3/3
   256 | D:1      | Reached skill level 5 in Ranged Weapons
   521 | D:2      | Reached XP level 3. HP: 15/21 MP: 4/4
   620 | D:2      | Identified the +1 robe "Yxtedaec" {Regen+}
   673 | D:2      | Noticed Natasha
   676 | D:2      | Killed Natasha
   738 | D:2      | Found a faded altar of an unknown god.
   776 | D:2      | Noticed Natasha
   784 | D:2      | Killed Natasha
   785 | D:2      | Reached skill level 6 in Ranged Weapons
   785 | D:2      | Reached XP level 4. HP: 24/26 MP: 5/5
   885 | D:2      | Found a snail-covered altar of Cheibriados.
   917 | D:2      | Reached XP level 5. HP: 30/30 MP: 6/6
   934 | D:2      | Noticed Natasha
   965 | D:2      | Killed Natasha
   966 | D:2      | Reached skill level 7 in Ranged Weapons
  1659 | D:3      | Identified the ring "Dicoplilla" {rF+ AC+4}
  2260 | D:4      | Reached XP level 6. HP: 35/35 MP: 7/7
  2273 | D:4      | Reached skill level 8 in Ranged Weapons
  2706 | D:4      | Noticed Sigmund
  2717 | D:4      | Killed Sigmund
  2718 | D:4      | Gained mutation: Your magical flight helps you evade
                  | attacks. (EV +4) [Tengu growth]
  2718 | D:4      | Reached XP level 7. HP: 40/40 MP: 8/8
  2728 | D:4      | Reached skill level 9 in Ranged Weapons
  2817 | D:5      | Entered Level 5 of the Dungeon
  3022 | D:5      | Found a staircase to the Ecumenical Temple.
  3031 | Temple   | Found a transporter.
  3031 | Temple   | Found a transporter.
  3031 | Temple   | Found a transporter.
  3031 | Temple   | Found a transporter.
  3031 | Temple   | Entered the Ecumenical Temple
  3047 | Temple   | Became a worshipper of Hepliaklqana the Forgotten
  3152 | D:5      | Reached skill level 10 in Ranged Weapons
  3295 | D:5      | Reached XP level 8. HP: 44/44 MP: 9/9
  3574 | D:5      | Found a blossoming altar of Fedhas.
  3815 | D:6      | Reached skill level 11 in Ranged Weapons
  3830 | D:6      | Noticed a vampire
  3851 | D:6      | Slain by a vampire

Illustrated notes

Levels and vault maps discovered:
D:1:      lightli_arrival_maybe_door_vault, layout_rooms,
          kennysheep_another_room
D:2:      layout_loops_corners, basic_altar, basic_ecumenical_altar,
          serial_bayou_pond_e, uniq_natasha
D:3:      layout_loops_ring, grunt_ministairs_2
D:4:      layout_cave_pools, minivault_25, minmay_stone_trees_small,
          minmay_starry_boxes, uniq_sigmund
D:5:      layout_loops_ring, lemuel_round_altar,
          minmay_temple_entry_antechambers, chequers_serial_rivers_room_b,
          minivault_23, serial_bayou_pond_b
D:6:      layout_basic, uniq_crazy_yiuf_cottage
Temple:   hellmonk_temple_divided_pantheon

Skill      XL: |  1  2  3  4  5  6  7  8 |
---------------+-------------------------+-----
Ranged Weapons | 5 6 7 8 10 11 | 11.3
Fighting       | |  2.0
Dodging        | |  2.1
Stealth        | |  1.0

Action                     |  1- 3 |  4- 6 |  7- 9 || total
---------------------------+-------+-------+-------++-------
  Melee: Short sword       |     4 |    29 |       ||    33
         Kick              |     2 |     9 |    18 ||    29
         Peck              |     1 |     4 |     7 ||    12
         Quarterstaff      |       |     5 |    56 ||    61
   Fire: Shortbow          |    67 |   155 |    66 ||   288
    Use: Scroll            |     2 |       |       ||     2
   Stab: Distracted        |       |       |     1 ||     1
 Armour: Leather armour    |    12 |       |       ||    12
         Robe              |     3 |    44 |    41 ||    88
  Dodge: Dodged            |    22 |    53 |    55 ||   130

Table legend: (Time is in decaauts)
 A = Elapsed time spent in this place.
 B = Non-inter-level travel time spent in this place.
 C = Inter-level travel time spent in this place.
 D = Time resting spent in this place.
 E = Time spent auto-exploring this place.
 F = Levels seen in this place.
 G = Mean time per level.
                   A        B        C        D        E       F      G
               +--------+--------+--------+--------+--------+-----+--------+
         Total |   3871 |   3555 |    316 |     17 |   2824 |   7 |  553.0 |
       Dungeon |   3831 |   3524 |    307 |     17 |   2824 |   6 |  638.5 |
        Temple |     39 |     30 |      9 |      0 |      0 |   1 |   39.0 |
               +--------+--------+--------+--------+--------+-----+--------+

Top non-repeatable levels by time:
     D:2: 1081 daAuts
     D:5: 785 daAuts
     D:4: 630 daAuts
     D:3: 627 daAuts
     D:1: 500 daAuts
     D:6: 205 daAuts
  Temple: 39 daAuts
